PCL
MILE HIGH BRONCOS @ ALBUQUERQUE ISOTOPES
05/31/2028
 
TOP OF THE 1ST
Mile High Broncos batting - Pitching for Albuquerque Isotopes : RHP Ron Crawford
Pitching: RHP Ron Crawford
Batting: LHB Ernesto López 0-0: Swinging Strike
0-1: Foul Ball, location: 2F
0-2: Strikes out looking
Batting: RHB Evan Robinson 0-0: SINGLE (Groundball, 6MD)
Batting: LHB Mark Everett 0-0: SINGLE (Flyball, 78S)
Evan Robinson to second
Batting: LHB Dave Cook 0-0: Called Strike
0-1: Foul Ball, location: 2F
0-2: Strikes out looking
Batting: RHB Jeff Packard 0-0: Foul Ball, location: 2F
0-1: Ball
1-1: Swinging Strike
1-2: Foul Ball, location: 2F
1-2: Ball
2-2: Ball
3-2: Strikes out looking
Top of the 1st over - 0 run(s), 2 hit(s), 0 error(s), 2 left on base; Mile High 0 - Albuquerque 0
BOTTOM OF THE 1ST
Albuquerque Isotopes batting - Pitching for Mile High Broncos : LHP Juan Garza
Pitching: LHP Juan Garza
Batting: RHB Gonzalo Gil 0-0: Called Strike
0-1: Ball
1-1: Ball
2-1: Swinging Strike
2-2: Ball
3-2: Foul Ball, location: 2F
3-2: Foul Ball, location: 2F
3-2: Foul Ball, location: 2F
3-2: Fly out, F4 (Popup, 4)
Batting: SHB Clint Woods 0-0: Hit by Pitch
Batting: RHB Nick Harris 0-0: Called Strike
0-1: Ball
1-1: Ball
2-1: Ball
3-1: Base on Balls
Clint Woods to second
Batting: RHB Will Lott 0-0: DOUBLE (Line Drive, 7LM)
Clint Woods scores
Nick Harris to third
Batting: LHB Bernardo Montés 0-0: Ball
1-0: Ball
2-0: DOUBLE (Flyball, 89D)
Nick Harris scores
Will Lott scores
Batting: LHB Fernando Ortíz 0-0: Ball
1-0: Called Strike
1-1: Ball
2-1: Ball
3-1: Base on Balls
Batting: RHB Sam Wallace 0-0: Ball
1-0: Called Strike
1-1: Ball
2-1: Called Strike
2-2: Foul Ball, location: 2F
2-2: Strikes out swinging
Batting: LHB Héctor Soto 0-0: Called Strike
0-1: Ball
1-1: Called Strike
1-2: Hit by Pitch
Bernardo Montés to third
Fernando Ortíz to second
Batting: RHB Dave Mullen 0-0: Ball
1-0: SINGLE (Line Drive, 56)
Bernardo Montés scores
Fernando Ortíz to third
Héctor Soto to second
Runner from 3rd tries for Home, SAFE, no throw
Batting: RHB Gonzalo Gil 0-0: Ball
1-0: Foul Ball, location: 2F
1-1: SINGLE (Groundball, 5D)
Héctor Soto to third
Dave Mullen to second
Runner from 3rd tries for Home, SAFE, no throw
Batting: SHB Clint Woods 0-0: Swinging Strike
0-1: Foul Ball, location: 2F
0-2: Ball
1-2: Ball
2-2: Ball
3-2: Foul Ball, location: 2F
3-2: SINGLE (Flyball, 9S)
Dave Mullen to third
Gonzalo Gil to second
Dave Mullen scores
Gonzalo Gil to third
Batting: RHB Nick Harris 0-0: Ball
1-0: Fly out, F5 (Line Drive, 56S)
Bottom of the 1st over - 7 run(s), 5 hit(s), 0 error(s), 2 left on base; Mile High 0 - Albuquerque 7
TOP OF THE 2ND
Mile High Broncos batting - Pitching for Albuquerque Isotopes : RHP Ron Crawford
Batting: RHB António Martínez 0-0: Ground out U3 (Groundball, 3L)
Batting: RHB Edward Williams 0-0: Called Strike
0-1: Foul Ball, location: 2F
0-2: Ball
1-2: Foul Ball, location: 2F
1-2: Strikes out swinging
Batting: RHB John Brown 0-0: Called Strike
0-1: Called Strike
0-2: Strikes out swinging
Top of the 2nd over - 0 run(s), 0 hit(s), 0 error(s), 0 left on base; Mile High 0 - Albuquerque 7
BOTTOM OF THE 2ND
Albuquerque Isotopes batting - Pitching for Mile High Broncos : LHP Juan Garza
Batting: RHB Will Lott 0-0: Called Strike
0-1: Swinging Strike
0-2: Ball
1-2: Foul Ball, location: 2F
1-2: Strikes out swinging
Batting: LHB Bernardo Montés 0-0: Foul Ball, location: 2F
0-1: Foul Ball, location: 2F
0-2: Ball
1-2: Ball
2-2: DOUBLE (Flyball, 89XD)
Batting: LHB Fernando Ortíz 0-0: Ball
1-0: Called Strike
1-1: Foul Ball, location: 2F
1-2: Strikes out swinging
Batting: RHB Sam Wallace 0-0: Ball
1-0: Ball
2-0: Called Strike
2-1: Ball
3-1: Base on Balls
Batting: LHB Héctor Soto 0-0: Foul Ball, location: 2F
0-1: Foul Ball, location: 2F
0-2: Strikes out looking
Bottom of the 2nd over - 0 run(s), 1 hit(s), 0 error(s), 2 left on base; Mile High 0 - Albuquerque 7
TOP OF THE 3RD
Mile High Broncos batting - Pitching for Albuquerque Isotopes : RHP Ron Crawford
Batting: SHB Paco Martínez 0-0: Ball
1-0: Foul Ball, location: 2F
1-1: Foul Ball, location: 2F
1-2: Foul Ball, location: 2F
1-2: Strikes out looking
Batting: LHB Ernesto López 0-0: Ball
1-0: Ball
2-0: Called Strike
2-1: Foul Ball, location: 2F
2-2: Fly out, F9 (Flyball, 9S)
Batting: RHB Evan Robinson 0-0: Called Strike
0-1: Fly out, F5 (Popup, 5L)
Top of the 3rd over - 0 run(s), 0 hit(s), 0 error(s), 0 left on base; Mile High 0 - Albuquerque 7
BOTTOM OF THE 3RD
Albuquerque Isotopes batting - Pitching for Mile High Broncos : LHP Juan Garza
Batting: RHB Dave Mullen 0-0: Ball
1-0: Foul Ball, location: 2F
1-1: Ball
2-1: Ball
3-1: Base on Balls
Batting: RHB Gonzalo Gil 0-0: Hit by Pitch
Dave Mullen to second
Batting: SHB Clint Woods 0-0: Ball
1-0: Ball
2-0: Ball
3-0: Called Strike
3-1: Swinging Strike
3-2: SINGLE (Flyball, 7LS)
Dave Mullen to third
Gonzalo Gil to second
Dave Mullen scores
Gonzalo Gil to third
Pitching: LHP Domingo Morales
Batting: RHB Nick Harris 0-0: Ball
1-0: Ball
2-0: Called Strike
2-1: Ball
3-1: SINGLE (Flyball, 8LS)
Gonzalo Gil scores
Clint Woods to second
Batting: RHB Will Lott 0-0: Ball
1-0: Swinging Strike
1-1: Foul Ball, location: 2F
1-2: Ball
2-2: 3-RUN HOME RUN (Flyball, 7LD), Distance : 364 ft
Batting: LHB Bernardo Montés 0-0: Ball
1-0: Called Strike
1-1: Called Strike
1-2: SINGLE (Line Drive, 34)
Batting: LHB Fernando Ortíz Balk!
Bernardo Montés to second
0-0: Ball
1-0: Ball
2-0: Foul Ball, location: 2F
2-1: Foul Ball, location: 2F
2-2: Ball
3-2: Base on Balls
Batting: RHB Sam Wallace 0-0: Foul Ball, location: 2F
0-1: Ball
1-1: Ball
2-1: Foul Ball, location: 2F
2-2: Ball
3-2: Base on Balls
Bernardo Montés to third
Fernando Ortíz to second
Batting: LHB Héctor Soto 0-0: Ball
1-0: Fielders Choice at 2nd, 3-6 (Groundball, 34)
Bernardo Montés scores
Fernando Ortíz to third
Batting: RHB Dave Mullen 0-0: Called Strike
0-1: Ball
1-1: Called Strike
1-2: Strikes out swinging
Batting: RHB Gonzalo Gil 0-0: SINGLE (Line Drive, 7S)
Fernando Ortíz scores
Héctor Soto to second
Pitching: RHP Raúl Ruíz
Batting: SHB Clint Woods 0-0: Ball
1-0: Hit by Pitch
Héctor Soto to third
Gonzalo Gil to second
Batting: RHB Nick Harris 0-0: Ball
1-0: Ball
2-0: Foul Ball, location: 2F
2-1: Foul Ball, location: 2F
2-2: Ball
3-2: Base on Balls
Héctor Soto scores
Gonzalo Gil to third
Clint Woods to second
Batting: RHB Will Lott 0-0: Ball
1-0: Ball
2-0: Swinging Strike
2-1: Foul Ball, location: 2F
2-2: Strikes out swinging
Bottom of the 3rd over - 8 run(s), 5 hit(s), 0 error(s), 3 left on base; Mile High 0 - Albuquerque 15
TOP OF THE 4TH
Mile High Broncos batting - Pitching for Albuquerque Isotopes : RHP Ron Crawford
Batting: LHB Mark Everett 0-0: Called Strike
0-1: DOUBLE (Line Drive, 89XD)
Batting: LHB Dave Cook 0-0: Ball
1-0: Foul Ball, location: 2F
1-1: Called Strike
1-2: Foul Ball, location: 2F
1-2: Foul Ball, location: 2F
1-2: Foul Ball, location: 2F
1-2: Strikes out swinging
Batting: RHB Jeff Packard 0-0: Ball
1-0: Ground out 5-3 (Groundball, 56)
Batting: RHB António Martínez 0-0: Called Strike
0-1: SINGLE (Flyball, 8RS)
Mark Everett to third
Runner from 3rd tries for Home, SAFE, no throw
Batting: RHB Edward Williams 0-0: Foul Ball, location: 2F
0-1: Ground out 1-3 (Groundball, 15S)
Top of the 4th over - 1 run(s), 2 hit(s), 0 error(s), 1 left on base; Mile High 1 - Albuquerque 15
BOTTOM OF THE 4TH
Albuquerque Isotopes batting - Pitching for Mile High Broncos : RHP Raúl Ruíz
Batting: LHB Bernardo Montés 0-0: Ball
1-0: Called Strike
1-1: Ball
2-1: Ball
3-1: Base on Balls
Batting: LHB Fernando Ortíz 0-0: Ball
1-0: Fly out, F4 (Line Drive, 4M)
Batting: RHB Sam Wallace 0-0: Ball
1-0: Ball
2-0: Fly out, F5 (Line Drive, 5)
Batting: LHB Héctor Soto 0-0: Swinging Strike
0-1: Called Strike
0-2: Ball
1-2: Ball
2-2: Foul Ball, location: 2F
2-2: Fielders Choice at 2nd, 6-4 (Groundball, 6)
Bottom of the 4th over - 0 run(s), 0 hit(s), 0 error(s), 0 left on base; Mile High 1 - Albuquerque 15
TOP OF THE 5TH
Mile High Broncos batting - Pitching for Albuquerque Isotopes : RHP Ron Crawford
Batting: RHB John Brown 0-0: Foul Ball, location: 2F
0-1: Ball
1-1: Foul Ball, location: 2F
1-2: Foul Ball, location: 2F
1-2: Fly out, F9 (Flyball, 9LS)
Batting: SHB Paco Martínez 0-0: Ball
1-0: Ball
2-0: SINGLE (Line Drive, 4)
Batting: LHB Ernesto López 0-0: Called Strike
0-1: Foul Ball, location: 2F
0-2: Ball
1-2: Ball
2-2: Strikes out swinging
Batting: RHB Evan Robinson 0-0: Called Strike
0-1: Ball
1-1: Ball
2-1: Ball
3-1: Base on Balls
Paco Martínez to second
Batting: LHB Mark Everett 0-0: Ball
1-0: Fielders Choice at 2nd, 6-4 (Groundball, 6)
Top of the 5th over - 0 run(s), 1 hit(s), 0 error(s), 1 left on base; Mile High 1 - Albuquerque 15
BOTTOM OF THE 5TH
Albuquerque Isotopes batting - Pitching for Mile High Broncos : RHP Raúl Ruíz
Batting: RHB Dave Mullen 0-0: Ball
1-0: Called Strike
1-1: Foul Ball, location: 2F
1-2: Fly out, F9 (Flyball, 9LD)
Batting: RHB Gonzalo Gil 0-0: Ball
1-0: Ball
2-0: Ground out 5-3 (Groundball, 56)
Batting: SHB Clint Woods 0-0: Ball
1-0: Ball
2-0: Ball
3-0: Base on Balls
Batting: RHB Nick Harris 0-0: Foul Ball, location: 2F
0-1: Fly out, F9 (Line Drive, 89M)
Bottom of the 5th over - 0 run(s), 0 hit(s), 0 error(s), 1 left on base; Mile High 1 - Albuquerque 15
TOP OF THE 6TH
Mile High Broncos batting - Pitching for Albuquerque Isotopes : RHP Ron Crawford
Batting: LHB Dave Cook 0-0: Foul Ball, location: 2F
0-1: Swinging Strike
0-2: Ball
1-2: Ball
2-2: Foul Ball, location: 2F
2-2: Ball
3-2: Ground out 4-3 (Groundball, 4)
Batting: RHB Jeff Packard 0-0: Called Strike
0-1: Ball
1-1: Fly out, F8 (Line Drive, 8LD)
Batting: RHB António Martínez 0-0: Ball
1-0: Ball
2-0: Ball
3-0: Called Strike
3-1: Base on Balls
Batting: RHB Edward Williams 0-0: Ball
1-0: Fly out, F8 (Flyball, 8RM)
Top of the 6th over - 0 run(s), 0 hit(s), 0 error(s), 1 left on base; Mile High 1 - Albuquerque 15
BOTTOM OF THE 6TH
Albuquerque Isotopes batting - Pitching for Mile High Broncos : RHP Raúl Ruíz
Batting: RHB Will Lott 0-0: Called Strike
0-1: Fly out, F7 (Flyball, 7LS)
Batting: LHB Bernardo Montés 0-0: Ball
1-0: Ball
2-0: Ball
3-0: Base on Balls
Batting: LHB Fernando Ortíz 0-0: Ball
1-0: Ball
2-0: Ball
3-0: Base on Balls
Bernardo Montés to second
Pitching: RHP David Moran
Batting: RHB Sam Wallace 0-0: Ball
1-0: Foul Ball, location: 2F
1-1: Ball
2-1: Swinging Strike
2-2: Ball
3-2: Foul Ball, location: 2F
3-2: Foul Ball, location: 2F
3-2: Base on Balls
Bernardo Montés to third
Fernando Ortíz to second
Batting: LHB Héctor Soto 0-0: Called Strike
0-1: Called Strike
0-2: Strikes out swinging
Batting: RHB Dave Mullen 0-0: Swinging Strike
0-1: Ground out 5-3 (Groundball, 56S)
Bottom of the 6th over - 0 run(s), 0 hit(s), 0 error(s), 3 left on base; Mile High 1 - Albuquerque 15
TOP OF THE 7TH
Mile High Broncos batting - Pitching for Albuquerque Isotopes : RHP Ron Crawford
Batting: RHB John Brown 0-0: Called Strike
0-1: Swinging Strike
0-2: Strikes out swinging
Batting: SHB Paco Martínez 0-0: Ball
1-0: Ball
2-0: Ball
3-0: Called Strike
3-1: Ground out 6-3 (Groundball, 6)
Batting: LHB Ernesto López 0-0: Ball
1-0: Swinging Strike
1-1: Swinging Strike
1-2: Ball
2-2: Foul Ball, location: 2F
2-2: Ball
3-2: Foul Ball, location: 2F
3-2: Foul Ball, location: 2F
3-2: Strikes out looking
Top of the 7th over - 0 run(s), 0 hit(s), 0 error(s), 0 left on base; Mile High 1 - Albuquerque 15
BOTTOM OF THE 7TH
Albuquerque Isotopes batting - Pitching for Mile High Broncos : RHP David Moran
Batting: RHB Gonzalo Gil 0-0: Ground out 6-3 (Groundball, 6)
Batting: SHB Clint Woods 0-0: Fly out, F9 (Flyball, 9S)
Batting: RHB Nick Harris 0-0: Ball
1-0: Called Strike
1-1: Ground out 5-3 (Groundball, 5L)
Bottom of the 7th over - 0 run(s), 0 hit(s), 0 error(s), 0 left on base; Mile High 1 - Albuquerque 15
TOP OF THE 8TH
Mile High Broncos batting - Pitching for Albuquerque Isotopes : RHP Ron Crawford
Pitching: RHP Howard Joyce
Now at 2B: Raúl Bauza
Batting: RHB Evan Robinson 0-0: Called Strike
0-1: Ball
1-1: Foul Ball, location: 2F
1-2: Ball
2-2: Fly out, F9 (Flyball, 89M)
Batting: LHB Mark Everett 0-0: Ball
1-0: SINGLE (Groundball, 34D)
Batting: LHB Dave Cook 0-0: Swinging Strike
0-1: Ball
1-1: Foul Ball, location: 2F
1-2: Strikes out swinging
Batting: RHB Jeff Packard 0-0: Called Strike
0-1: Foul Ball, location: 2F
0-2: Strikes out swinging
Top of the 8th over - 0 run(s), 1 hit(s), 0 error(s), 1 left on base; Mile High 1 - Albuquerque 15
BOTTOM OF THE 8TH
Albuquerque Isotopes batting - Pitching for Mile High Broncos : RHP David Moran
Batting: RHB Will Lott 0-0: SOLO HOME RUN (Flyball, 7LD), Distance : 366 ft
Batting: LHB Bernardo Montés 0-0: Fly out, F8 (Flyball, 8LD)
Batting: LHB Fernando Ortíz 0-0: Ball
1-0: Ball
2-0: Ball
3-0: Base on Balls
Pinch Hitting: LHB José González 0-0: Grounds into double play, 4-6-3 (Groundball, 4)
Bottom of the 8th over - 1 run(s), 1 hit(s), 0 error(s), 0 left on base; Mile High 1 - Albuquerque 16
TOP OF THE 9TH
Mile High Broncos batting - Pitching for Albuquerque Isotopes : RHP Howard Joyce
Now at 1B: Jesse McKnight
Now at SS: Luis Martínez
Now in LF: A.J. Major
Batting: RHB António Martínez 0-0: Swinging Strike
0-1: Fly out, F7 (Flyball, 7)
Batting: RHB Edward Williams 0-0: Ball
1-0: Ball
2-0: SINGLE (Line Drive, 56D)
Batting: RHB John Brown 0-0: Ball
1-0: Called Strike
1-1: Ball
2-1: Ball
3-1: Base on Balls
Edward Williams to second
Batting: SHB Paco Martínez 0-0: Fly out, F5 (Popup, 5L)
Pinch Hitting: RHB Rodney González 0-0: Called Strike
0-1: Called Strike
0-2: Ball
1-2: Ball
2-2: Foul Ball, location: 2F
2-2: Ball
3-2: Base on Balls
Edward Williams to third
John Brown to second
Batting: RHB Evan Robinson 0-0: Swinging Strike
0-1: Called Strike
0-2: Ball
1-2: Fly out, F9 (Flyball, 9D)
Top of the 9th over - 0 run(s), 1 hit(s), 0 error(s), 3 left on base; Mile High 1 - Albuquerque 16
Tuesday, August 8th, 2017 - OOTP Baseball 17.12 Build 75